Cogmind - Beta 13 @@@ ROGUE MODE // 2024.05.01 @ 10:21:55 Player: Wyvric Result: Destroyed by D-53 Grenadier with Mini Grenade Launcher Performance ------------- Evolutions (0) 0 Regions Visited (2) 400 Robots Destroyed (4) 20 Value Destroyed (101) 101 Prototype IDs (0) 0 Alien Tech Used (0) 0 Bonus (0) 0 TOTAL SCORE: 521 Bonus ------- None Cogmind --------- Core Integrity 0/250 Matter 286/300 Energy 250/250 System Corruption 0% Temperature Cool (0) Movement Rolling (175) Ox5 Location -10/Mines Parts ------- > --- POWER (1) -------- Ion Engine > --- PROPULSION (2) --- Compact Wheel > --- UTILITY (2) ------ Huge Storage Unit > --- WEAPON (2) ------- Light Assault Rifle > --- INVENTORY (25) --- Ion Engine Light Nuclear Core Aluminum Leg Aluminum Leg Aluminum Leg Compact Wheel Cargo Storage Unit Large Battery (200) Structural Scanner Signal Interpreter Peak State ------------ > --- POWER ------------ Ion Engine > --- PROPULSION ------- Light Treads Light Treads > --- UTILITY ---------- Huge Storage Unit Core Shielding > --- WEAPON ----------- Light Assault Rifle Light Assault Rifle > --- INVENTORY -------- Ion Engine Aluminum Leg Aluminum Leg Aluminum Leg Compact Wheel Compact Wheel Cargo Storage Unit Large Battery Signal Interpreter [Rating: 8] Favorites ----------- Power Ion Engine Engine Ion Engine Propulsion Light Treads Treads Light Treads Leg Aluminum Leg Wheel Compact Wheel Utility Core Shielding Storage Huge Storage Unit Protection Core Shielding Weapon Light Assault Rifle Ballistic Gun Light Assault Rifle Build | -11 -10 -10 ------- Run | Yrd Mat Min Slots Evolved . | . . . Power . | . . . Propulsion . | . . . Utility . | . . . Weapon . | . . . Parts Attached 17 | 6 6 5 Power 1 | 1 . . Engine 1 | 1 . . Core . | . . . Reactor . | . . . Propulsion 11 | 2 4 5 Treads 5 | . 2 3 Leg 2 | 2 . . Wheel 4 | . 2 2 Hover . | . . . Flight . | . . . Utility 3 | 1 2 . Device . | . . . Storage 2 | 1 1 . Processor . | . . . Hackware . | . . . Protection 1 | . 1 . Artifact . | . . . Weapon 2 | 2 . . Energy Gun . | . . . Energy Cannon . | . . . Ballistic Gun 2 | 2 . . Ballistic Cannon . | . . . Launcher . | . . . Special Weapon . | . . . Impact Weapon . | . . . Slashing Weapon . | . . . Piercing Weapon . | . . . Special Melee Weapon . | . . . Unidentified Prototypes . | . . . Parts Lost 4 | . . 4 Power . | . . . Propulsion 2 | . . 2 Utility 1 | . . 1 Weapon 1 | . . 1 Highest Loss Streak 4 | . . 4 To Critical Strikes . | . . . Average Slot Usage (%) 98 | . 93 100 Engine 14 | . 14 14 Treads 22 | . 3 27 Leg 4 | . 20 . Wheel 1 | . 4 . Storage 14 | . 14 14 Protection 12 | . 7 14 Ballistic Gun 28 | . 28 28 Naked Turns . | . . . Heaviest Build 88 | 12 88 88 Greatest Support 40 | 20 40 40 Greatest Overweight (x) 5 | 1 2 5 Average Overweight (x) 1 | . . 2 Largest Inventory Capacity 25 | 8 25 25 Average Capacity 21 | 6 13 25 Most Carried 12 | 8 9 12 Average Carried 10 | 4 7 11 Final Capacity 25 | 8 25 25 Final Carried 11 | 6 9 11 Class Distribution -------------------- 100% | Mutant Dominant Class ---------------- Mutant | -10/Materials Mutant | -10/Mines Resources | -11 -10 -10 ----------- Run | Yrd Mat Min Matter Collected 378 | 260 . 118 Remotely . | . . . Salvage Created 115 | . . 115 Parts 6 | . . 6 Haulers Intercepted . | . . . Recyclers Shooed . | . . . Parts Field Recycled . | . . . Retrieved Matter . | . . . Parts Self-Destructed . | . . . Prevented . | . . . Kills | -11 -10 -10 ------- Run | Yrd Mat Min Combat Hostiles Destroyed 4 | . . 4 Guns 4 | . . 4 Classes Destroyed 2 | . . 2 Swarmer 2 | . . 2 Grunt 2 | . . 2 Best Kill Streak 2 | . . 2 Combat Bots Only 2 | . . 2 Max Kills in Single Turn 1 | . . 1 Gunslinging . | . . . Exploded . | . . . Melee . | . . . Uniques/NPCs Destroyed . | . . . Combat | -11 -10 -10 -------- Run | Yrd Mat Min Hostile Shots Fired 53 | . . 53 Missed 11 | . . 11 Damage Taken 806 | . . 806 Core 261 | . . 261 Absorbed by Shields . | . . . Redirected to Shielding 54 | . . 54 Core Remaining (%) 100 | 100 . . Volleys Fired 21 | . . 21 Largest 2 | . . 2 Hottest 40 | . . 40 Shots Fired 42 | . . 42 Gun 42 | . . 42 Cannon . | . . . Launcher . | . . . Special . | . . . Kinetic 42 | . . 42 Thermal . | . . . Explosive . | . . . Electromagnetic . | . . . Robot Hit Streak 8 | . . 8 Robot Miss Streak 2 | . . 2 Penetration Max . | . . . Secondary Targets 1 | . . 1 Max Gunslinging Chain 1 | . . 1 Shots Hit Robots 24 | . . 24 Core Hits 11 | . . 11 Critical Kills . | . . . Critical Parts Destroyed . | . . . Critical Strikes . | . . . Melee Attacks . | . . . Impact . | . . . Slashing . | . . . Piercing . | . . . Sneak Attacks . | . . . Combat Hostiles . | . . . Follow-up Attacks . | . . . Damage Inflicted 204 | . . 204 Guns 204 | . . 204 Cannons . | . . . Explosions . | . . . Melee . | . . . Ramming . | . . . Kinetic 204 | . . 204 Thermal . | . . . Explosive . | . . . Electromagnetic . | . . . Impact . | . . . Slashing . | . . . Piercing . | . . . Highest Corruption . | . . . Average Corruption . | . . . Corruption Purged . | . . . Corruption Blocked . | . . . Overload Shots . | . . . Overflow Damage . | . . . Projectiles . | . . . Explosions . | . . . Melee . | . . . Knockbacks . | . . . Impact . | . . . Kinetic . | . . . Secondary . | . . . Self-Inflicted Damage . | . . . Shots . | . . . Rammed . | . . . Targets Rammed . | . . . Kicked . | . . . Crushed . | . . . Highest Temperature 25 | . . 25 Average Temperature 10 | . . 10 Received Heat Transfer 144 | . . 144 Siege Activations . | . . . Robots Corrupted . | . . . Combat Hostiles . | . . . Parts Fried . | . . . Impact Corruptions . | . . . Robots Melted . | . . . Combat Hostiles . | . . . Parts Melted . | . . . Heat Transferred . | . . . Parts Sabotaged . | . . . Parts Stolen . | . . . Parts Stripped . | . . . Power Chain Reactions . | . . . Alert | -11 -10 -10 ------- Run | Yrd Mat Min Peak Influence 122 | . 45 122 Initial 17 | . . 17 Average 40 | . 7 53 Maximum Alert Level . | . . . Low Security (%) 100 | 100 100 100 Level 1 . | . . . Level 2 . | . . . Level 3 . | . . . Level 4 . | . . . Level 5 . | . . . High Security . | . . . Max Security . | . . . Squads Dispatched 1 | . 1 . Investigation 1 | . 1 . Extermination . | . . . Reinforcement . | . . . Assault . | . . . Garrison . | . . . Intercept . | . . . Searches Triggered . | . . . Construction Impeded . | . . . Haulers Reinforced . | . . . Active Scanning Responses . | . . . Cargo Convoy Interrupts . | . . . Stealth | -11 -10 -10 --------- Run | Yrd Mat Min Distress Signals . | . . . Communications Jammed . | . . . Distress Signals . | . . . Times Spotted 10 | . 2 8 Peak Tracking Total 3 | . 2 3 Tactical Retreats 1 | . . 1 Traps | -11 -10 -10 ------- Run | Yrd Mat Min Traps Triggered . | . . . Indirectly . | . . . Trap Hack Attempts . | . . . Triggered . | . . . Disarmed . | . . . Reprogrammed . | . . . Reused . | . . . Traps Extracted . | . . . Installed . | . . . Triggered . | . . . Machines | -11 -10 -10 ---------- Run | Yrd Mat Min Machines Disabled . | . . . Max in Single Turn . | . . . Machines Repaired . | . . . Machines Dismantled . | . . . Machines Sabotaged . | . . . Overloaded Fab Kills . | . . . Hacking | -11 -10 -10 --------- Run | Yrd Mat Min Machines Accessed 3 | . 3 . Terminals 2 | . 2 . Fabricators . | . . . Repair Stations . | . . . Recycling Units 1 | . 1 . Scanalyzers . | . . . Garrison Access . | . . . Total Hacks 5 | . 5 . Successful 1 | . 1 . Failed 4 | . 4 . Catastrophic 1 | . 1 . Database Lockouts . | . . . Manual 1 | . 1 . Terminals 4 | . 4 . Fabricators . | . . . Repair Stations . | . . . Recycling Units 1 | . 1 . Scanalyzers . | . . . Garrison Access . | . . . Terminal Hacks . | . . . Fabricator Hacks . | . . . Repair Station Hacks . | . . . Recycling Unit Hacks . | . . . Scanalyzer . | . . . Garrison Access Hacks . | . . . Unauthorized Hacks 1 | . 1 . Terminals . | . . . Fabricators . | . . . Repair Stations . | . . . Recycling Units 1 | . 1 . Tunnel 1 | . 1 . Scanalyzers . | . . . Garrison Access . | . . . Data Cores Recovered . | . . . Used . | . . . Hacking Detections 2 | . 2 . Full Trace Events . | . . . Feedback Events . | . . . Feedback Blocked . | . . . Robot Schematics Acquired . | . . . Robots Built . | . . . Authchips . | . . . Time . | . . . Total Robot Build Rating . | . . . Part Schematics Acquired . | . . . Parts Built . | . . . Authchips . | . . . Time . | . . . Total Part Build Rating . | . . . Parts Repaired . | . . . Time . | . . . Parts Recycled . | . . . Recycled Matter . | . . . Retrieved Matter . | . . . Retrieved Components . | . . . Parts Scanalyzed . | . . . Part Schematics Acquired . | . . . Parts Damaged . | . . . Bothacking | -11 -10 -10 ------------ Run | Yrd Mat Min Used RIF Installer . | . . . Robots Hacked . | . . . Non-combat . | . . . Combat . | . . . Robot Hacks Applied . | . . . Relay Couplers Released . | . . . Fabnet Peak Effective % . | . . . Robots Rewired . | . . . Allies Hacked . | . . . Hacks Repelled . | . . . Allies | -11 -10 -10 -------- Run | Yrd Mat Min Total Allies . | . . . Largest Group . | . . . Highest-Rated Group . | . . . Highest-Rated Ally . | . . . Total Orders . | . . . Ally Attacks . | . . . Total Damage . | . . . Kills . | . . . Allies Corrupted . | . . . Allies Melted . | . . . Intel | -11 -10 -10 ------- Run | Yrd Mat Min Robot Analysis Total . | . . . Derelict Logs Recovered 1 | . . 1 Drone Launches . | . . . Drone Recoveries . | . . . Exploration | -11 -10 -10 ------------- Run | Yrd Mat Min Turns Passed 924 | 73 185 666 Spaces Moved 372 | 50 135 187 Core 7 | 7 . . Treads 187 | . 4 183 Legs 147 | 43 104 . Wheels 31 | . 27 4 Hover . | . . . Flight . | . . . Fastest Speed 50 | 50 120 130 Average Speed 221 | 116 127 316 Slowest Speed 320 | 120 320 320 Overloaded Moves . | . . . Propulsion Burnouts . | . . . Robots Hopped . | . . . Cave-ins Triggered . | . . . Exploration Rate (%) 23 | 3 27 39 Regions Visited 2 Branch Regions 1 Pre-discovered Areas 1 | . 1 . Known Exits Taken . | . . . Unknown Exits Taken 2 | 1 1 . Scrap Searched 1 | . . 1 Spaces Dug . | . . . Terrain Destroyed . | . . . Melee . | . . . Projectile . | . . . AOE . | . . . Terrain Rammed . | . . . Walls Destroyed . | . . . Machines Disabled . | . . . Actions | -11 -10 -10 --------- Run | Yrd Mat Min Total 435 | 63 146 226 Wait 10 | . . 10 Move 370 | 49 134 187 Hop . | . . . Pick Up 15 | 8 4 3 Fast Attach 4 | 4 . . Attach 4 | 2 1 1 Detach . | . . . Swap 9 | . 5 4 Drop 2 | . 2 . Fire 21 | . . 21 Melee . | . . . Ram . | . . . Kick . | . . . Crush . | . . . Escape Stasis . | . . . Rewire . | . . . Trap . | . . . Miscellaneous . | . . . Route ------- -11/Scrapyard -10/Materials -10/Mines History --------- Turn | Location | Event 8 | -11/Scrapyard | Discovered new exit (range 15) 74 | -11/Scrapyard | Entered Materials 250 | -10/Materials | Discovered new exit (range 6) 259 | -10/Materials | Entered Mines 301 | -10/Mines | Build established: Mutant 384 | -10/Mines | Learned Materials emergency access door positions 892 | -10/Mines | Assembled infested the area 913 | -10/Mines | Core integrity fell below 50% 922 | -10/Mines | Core integrity fell below 20% 925 | -10/Mines | Destroyed by D-53 Grenadier with Mini Grenade Launcher Last Messages --------------- 00457_ Acquired 10 matter. 00458_ K-01 Serf collects debris. 00524_ S-10 Pest destroyed. 00525_ K-01 Serf collects debris. 00552_ Acquired 6 matter. 00555_ K-01 Serf collects debris. 00892_ ALERT: Infestation in the mines, dispatching Demolisher response squad. 00912_ C-30 ARC bursts open, deploying its payload. 00912_ D-53 Grenadier unfolds itself. 00914_ R-06 Scavenger destroyed. 00914_ Lgt. Treads destroyed. 00917_ The unstable cave ceiling collapses. 00918_ U-05 Engineer lays Concrete. 00921_ U-05 Engineer builds a Wall. 00922_ The unstable cave ceiling collapses. 00923_ Lgt. Assault Rifle destroyed. 00923_ Lgt. Treads destroyed. 00925_ Core Shielding destroyed. Map ----- +----------------------------------------------------+ | ##### ##???????????????????????????????????? | | # #???????????????????????????????????? | | ## #????????????????????????????????????? | | #??????????????????????????????????????? | | # ##????????? ???????????????????????????? | | ## ##??????? #??????????????????????????? | | ?##### #???### #???????????????????????????? | | ?????# ### #???????????????????????????? | | ?????# % #???????????????????????????? | | ?????# = #???????????????????????????? | | ?????# ### ####???????????????????????? | | ?????# #?? #???????????????????????? | | ?????# #??? ???????????????????????? | | ?????# ###?? ## ????????????????????????? | | ?????# #??? ##??# ????????????????????????? | | ?????### #???###????# #????????????????????????? | | ???????# #??????????# ##???????????????????????? | | ???????# #?????????## ####????????????????????? | | ???????# ##????????# ## ####?????????????????? | | ??????## ##??????## u ##????????????????? | | ????### #????### ##???????????????? | | ???## #???## #???????????????? | | ???# #???# #???????????????? | | ???# ##???# #####???????????? | | ???# #????## d ??????? | | ???# #?????######## @ d ######## ?????? | | ??## ##?#####???# #????????????????? | | ?## ### ##??## % ##????????????????? | | ## % #???## # # ???????????????? | | # """ #????# ######## ?????????????? | | # """ ##????# #???????? ???????????? | | ## """ ##?????# #????????? ??????????? | | ## """ ##?????# #?????????? ???????????? | | ## ##????# #??????????? #??????????? | | ### ###### #???????????? ??????????? | | ### #???????????????????????? | | ## ### #####???????????????????????? | | ##?# #???????????????????????????? | | ## #??# #???????????????????????????? | | #### ##??# #???????????????????????????? | | ####??####???# #???????????????????????????? | | # ##????????????# #???????????????????????????? | | ######?????????????# #???????????????????????????? | | ???????????????????# #???????????????????????????? | | ???????????????????# #???????????????????????????? | | ???????????????????# #???????????????????????????? | | ???????????????????# #???????????????????????????? | | ???????????????????# #???????????????????????????? | | ????????????????#### ####????????????????????????? | | ????????????????# #????????????????????????? | +----------------------------------------------------+ Best States ------------- Heat Dissipation 25 Energy Generation 10 Energy Capacity 250 Matter Stores 300 Matter Capacity 300 Sight Range 16 Terrain Scan Density 10 Core Shielding 20 Evasion (%) 55 Recoil Reduction 2 Item Schematics ----------------- None Robot Schematics ------------------ None Fabricated ------------ Nothing Alien Tech Used ----------------- None Achievements -------------- None Challenges ------------ None Game ------ Seed MagneticDynamicCleaver Manual? 0 Play Time 00:10:24 Cumulative 271.1 hours Start 2024.05.01 @ 10:12:28 End 2024.05.01 @ 10:21:55 Sessions 1 Manual Loads 0 Difficulty Rogue Special Mode None Game No. 69 Rogue 69 Adventurer 0 Explorer 0 Win Type - Total 16 Types 8/3/3/1/1/0/0/0/0 Lore% 56 Gallery% 78 Achievement% 69 Wizard Run 0 Options --------- Layout 1 ASCII 0 Keyboard 0 Movement Numpad Keybinds 0 Fullscreen 1 Font 24/Smallcaps Map View 50x35 Zoom Use 0% Tactical HUD 1 Map Filters NONE Filters NONE Steam 1 RUN: 37535a5d-dcbf-4196-bafc-8268b76672a5